 Dungeon Crawl Stone Soup version 0.23-a0-13-gb09bef45d9 (webtiles) character file.

212 LLavrengius the Shield-Bearer (level 5, -2/34 HPs)
             Began as a Gargoyle Fighter on Aug 2, 2018.
             Slain by a big kobold (3 damage)
             ... on level 3 of the Dungeon.
             The game lasted 00:07:29 (2497 turns).

LLavrengius the Shield-Bearer (Gargoyle Fighter)    Turns: 2497, Time: 00:07:29

Health: -2/34      AC: 11    Str: 21    XL:     5   Next: 89%
Magic:  5/5        EV:  7    Int:  8    God:
Gold:   141        SH: 10    Dex:  9    Spells: 4/4 levels left

rFire    . . .     SeeInvis .   a - +0 long sword
rCold    . . .     Gourm    .   c - +0 shield
rNeg     + . .     Faith    .   b - +0 scale mail
rPois    ∞         Spirit   .   (no helmet)
rElec    +         Reflect  .   (no cloak)
rCorr    .         Harm     .   (no gloves)
MR       .....                  (no boots)
Stlth    ..........             (no amulet)
HPRegen  0.11/turn              (no ring)
MPRegen  0.09/turn              (no ring)

@: no status effects
A: negative energy resistance 1, electricity resistance, unbreathing,
petrification resistance, rot immunity, AC +4
a: no special abilities


You were on level 3 of the Dungeon.
You were not hungry.

You visited 1 branch of the dungeon, and saw 3 of its levels.

You collected 141 gold pieces.

Inventory:

Hand Weapons
 a - a +0 long sword (weapon)
 w - a +0 hunting sling
Missiles
 j - 256 stones (quivered)
 s - 5 needles of confusion
Armour
 b - a +0 scale mail (worn)
 c - a +0 shield (worn)
Jewellery
 i - a +3 amulet of reflection {unknown}
Scrolls
 k - a scroll of teleportation {unknown}
 l - 3 scrolls of identify {unknown}
 p - a scroll of blinking {unknown}
 r - a scroll of enchant weapon {unknown}
 t - a scroll of remove curse {unknown}
 u - a scroll of immolation {unknown}
 v - a scroll of noise {unknown}
 x - a scroll of enchant armour {unknown}
Potions
 d - 2 potions of might
 e - a potion of degeneration {unknown}
 g - a potion of magic {unknown}
 h - 3 potions of curing {unknown}
 m - a potion of invisibility {unknown}
 n - a potion of heal wounds {unknown}
 o - a potion of resistance {unknown}
 q - a potion of lignification {unknown}
Comestibles
 f - 6 rations
 z - a chunk of flesh


   Skills:
 + Level 4.6 Fighting
 - Level 1.7 Long Blades
 - Level 4.0 Armour
 * Level 5.7 Shields


You had 4 spell levels left.
You didn't know any spells.
Your spell library was empty.

Dungeon Overview and Level Annotations

Branches:
Dungeon (3/15)

Altars:
Elyvilon
Fedhas

Annotations:
D:2 2 transporters


Innate Abilities, Weirdness & Mutations

You are resistant to torment.
Your stone body is resilient. (AC +4)
You are immune to poison.
You resist negative energy. (rN+)
You are resistant to electric shocks. (rElec)
You can survive without breathing.
You are immune to petrification.
You are immune to rotting.


Message History

* * * LOW HITPOINT WARNING * * *
The big kobold hits you but does no damage.
The kobold completely misses you. You block the gnoll's attack.
The big kobold hits you but does no damage.
You block the big kobold's attack. The kobold hits you but does no damage.
You closely miss the gnoll.
The gnoll is almost dead.
You block the big kobold's attack. x2; The kobold hits you but does no damage.
The gnoll closely misses you.
Unknown command.
You barely miss the gnoll.
The gnoll is almost dead.
You block the big kobold's attack.
The big kobold hits you but does no damage.
The kobold hits you but does no damage. The gnoll closely misses you.
Unknown command.
You closely miss the gnoll.
The gnoll is almost dead.
The big kobold hits you.
You die...

#####
###############...#
..............#...#
..............#.))#
..............##'##
...########......#
...# #......#
...########....K.#
.......).)....##@#
.......).)....#KgK#
..............#Kgg#
###############$K$#
≈≈≈≈ ##### ≈≈≈≈
≈≈≈≈ .≈≈≈ ....


You could see 3 big kobolds, a gnoll, 2 hobgoblins and 2 kobolds.

Vanquished Creatures
  An orc priest (D:3)
  7 gnolls
  2 adders (D:2)
  2 worms (D:2)
  5 leopard geckos
  4 orcs (D:3)
  2 giant cockroaches (D:1)
  8 hobgoblins
  3 kobolds
  A quokka (D:2)
  A ball python (D:1)
  10 bats
  2 frilled lizards (D:2)
  27 goblins
  4 rats
79 creatures vanquished.

Notes
Turn   | Place    | Note
-------+----------+-------------------------------------------
     0 | D:1      | LLavrengius the Gargoyle Fighter began the quest for the Orb.
     0 | D:1      | Reached XP level 1. HP: 14/14 MP: 1/1
   254 | D:1      | Reached XP level 2. HP: 18/19 MP: 2/2
  1001 | D:2      | Reached XP level 3. HP: 17/23 MP: 3/3
  1006 | D:2      | Reached skill level 4 in Shields
  1019 | D:2      | Reached XP level 4. HP: 8/29 MP: 4/4
  1320 | D:2      | Noticed an orc warrior
  1321 | D:2      | Found a transporter.
  1322 | D:2      | Found a white marble altar of Elyvilon.
  1322 | D:2      | Noticed an orc warrior
  1332 | D:2      | Found a transporter.
  1747 | D:2      | You fall through a shaft!
  1947 | D:3      | Reached skill level 5 in Shields
  1947 | D:3      | Reached XP level 5. HP: 11/33 MP: 5/5
  2217 | D:3      | Found a blossoming altar of Fedhas.
  2484 | D:3      | Noticed a big kobold
  2484 | D:3      | Noticed a big kobold
  2484 | D:3      | Noticed a big kobold
  2494 | D:3      | HP: 1/34 [big kobold (2)]
  2497 | D:3      | Slain by a big kobold

Vault maps used:
D:1:      tarquinn_simple_flora_water_c, serial_park_tiny_pond, minivault_5
D:2:      gammafunk_temple_overflow_arena
D:3:      minmay_goblin_kobold_castle, marbit_many_paths, fedhas_altar_2

Skill      XL: |  1  2  3  4 |
---------------+-------------+-----
Armour         | 4 |  4.0
Shields        | 4 5 |  5.7
Fighting       | 4 |  4.6
Long Blades    | |  1.7

Action                   |  1- 3 |  4- 6 || total
-------------------------+-------+-------++-------
Melee: Long sword        |    73 |   226 ||   299
  Eat: Chunk             |       |     6 ||     6
Armor: Scale mail        |    40 |   153 ||   193
Dodge: Dodged            |    25 |    99 ||   124
Block: Shield            |    50 |   152 ||   202
       Rpst.: Long sword |     8 |    30 ||    38

Table legend:
 A = Spawn XP
 B = Non-spawn XP
 C = Spawn XP percentage of total XP
 D = Spawn monster count
 E = Non-spawn monster count
 F = Spawn count percentage of total count
 G = Total turns spent on level
                    A         B        C        D         E        F      G
               +---------+---------+-------+---------+---------+-------+---------
         Total |       0 |     303 |   0.0 |       0 |      79 |   0.0 |  2497
               +---------+---------+-------+---------+---------+-------+---------
           D:1 |       0 |      29 |   0.0 |       0 |      16 |   0.0 |   891
           D:2 |       0 |     123 |   0.0 |       0 |      25 |   0.0 |   856
           D:3 |       0 |     151 |   0.0 |       0 |      38 |   0.0 |   750
               +---------+---------+-------+---------+---------+-------+---------
